 Dungeon Crawl Stone Soup version 0.32-a0-898-g7811c86cf0 (webtiles) character file.

Game seed: 9145260150306782171

104 pokeman the Magician (level 4, -1/25 HPs)
             Began as a Deep Elf Hedge Wizard on Apr 4, 2024.
             Shot with an arrow by a centaur (13 damage)
             ... on level 4 of the Dungeon.
             The game lasted 00:04:22 (3350 turns).

pokeman the Magician (Deep Elf Hedge Wizard)        Turns: 3350, Time: 00:04:23

Health: -1/25      AC:  7    Str:  7    XL:     4   Next: 52%
Magic:  13/13      EV: 11    Int: 21    God:
Gold:   114        SH:  0    Dex: 14    Spells: 6/14 levels left

rFire   . . .        t - +3 dagger (venom)
rCold   . . .        (no shield)
rNeg    . . .        b - +0 robe
rPois   .            c - +0 hat
rElec   .            (no cloak)
rCorr   .            e - +0 pair of gloves
SInv    .            (no boots)
Will    .....        (no amulet)
Stlth   ++           g - +4 ring of protection
HPRegen 0.24/turn    (no ring)
MPRegen 0.13/turn

%: no passive effects
@: no status effects
A: no striking features
a: no special abilities


You were on level 4 of the Dungeon.
You visited 1 branch of the dungeon, and saw 4 of its levels.

You collected 114 gold pieces.

Inventory:

Hand Weapons
 t - a +3 dagger of venom (weapon)
Missiles
 j - a throwing net
Armour
 b - a +0 robe (worn)
 c - a +0 hat (worn)
 e - a +0 pair of gloves (worn)
Magical Staves
 r - a staff of cold
Jewellery
 g - a +4 ring of protection (left hand)
Wands
 q - a wand of flame (12)
Scrolls
 i - 3 scrolls of identify {unknown}
 k - 4 scrolls of vulnerability {unknown}
 n - a scroll of fear {unknown}
 o - a scroll of blinking {unknown}
 p - 5 scrolls of teleportation {unknown}
Potions
 d - 3 potions of magic
 f - a potion of berserk rage {unknown}
 h - a potion of mutation {unknown}
 l - a potion of lignification {unknown}
 m - 3 potions of invisibility {unknown}
 s - 2 potions of attraction {unknown}


   Skills:
 - Level 1.3 Fighting
 - Level 1.2 Armour
 + Level 2.4 Dodging
 + Level 2.4 Stealth
 * Level 5.7 Spellcasting
 + Level 2.3 Conjurations
 - Level 1.1 Summonings
 - Level 1.1 Translocations


You had 6 spell levels left.
You knew the following spells:

 Your Spells              Type           Power      Damage    Failure   Level
a - Magic Dart            Conj           60%        1d6       3%          1
b - Mephitic Cloud        Conj/Alch/Air  9%         N/A       22%         3
c - Call Imp              Summ           20%        N/A       10%         2
d - Blink                 Tloc           20%        N/A       10%         2

Your spell library contained the following spells:

 Spells                   Type           Power      Damage    Failure   Level
 Kiss of Death            Conj/Necr      40%        2d8       6%          1
 Slow                     Hex            24%        N/A       10%         1
 Cigotuvi's Dreadful Rot  Necr/Alch/Air  12%        N/A       16%         2
 Confusing Touch          Hex            6%         N/A       30%         3
 Inner Flame              Hex/Fire       6%         N/A       30%         3
 Flame Wave               Conj/Fire      10%        2d6       52%         4
 Dispel Undead            Necr           6%         3d8       69%         4
 Sticky Flame             Fire/Alch      6%         2d4       69%         4


Dungeon Overview and Level Annotations

Branches:
Dungeon (4/15)
 Temple: D:4-7

Altars:

Shops:
D:2 *


Message History

Press: ? - help, Shift-Dir - straight line, f/p - orc
Aim: an orc, wielding a +0 hand axe (almost dead, 100% to hit)
The magic dart hits the orc.
You kill the orc!
Casting: Magic Dart (safe; 3% risk of failure)
Confirm with . or Enter, or press ? or * to list all spells.
You can't see any susceptible monsters within range! (Use Z to cast anyway.) Unknown command.
Casting: Magic Dart (safe; 3% risk of failure)
Confirm with . or Enter, or press ? or * to list all spells.
You can't see any susceptible monsters within range! (Use Z to cast anyway.) Unknown command.
A centaur comes into view.
Casting: Magic Dart (safe; 3% risk of failure)
Confirm with . or Enter, or press ? or * to list all spells.
Aiming: Magic Dart (safe; 3% risk of failure)
Press: ? - help, Shift-Dir - straight line, f - centaur
Aim: a centaur (wandering, hasn't noticed you, 100% to hit)
The magic dart hits the centaur but does no damage.
The centaur shouts!
The centaur wields a +0 orcbow.
The centaur shoots an arrow.
The arrow barely misses you.
The centaur shoots an arrow.
The arrow hits you!
Ouch! That really hurt!
You climb upwards.
There is a stone staircase leading down here.
You start resting.
Magic restored.
You start resting.
HP restored.
There is a stone staircase leading down here.
You climb downwards.
There is a stone staircase leading up here.
The centaur shoots an arrow.
The arrow closely misses you.
The centaur shoots an arrow.
The arrow hits you!
Ouch! That really hurt!
The centaur shoots an arrow.
The arrow hits you but does no damage.
The centaur shoots an arrow.
The arrow hits you!
Ouch! That really hurt!
You die...

..... .......)...........
............†<..!.......
...................... ##
...#...c........... .
....##..............?##....
...................<......#
....###<.......<...##..#...
..S.........###..>. .#
##.......#@..##.... ..
##......#....#.... ##
##.............#.
#........##.#.##.
#......#..###..#..
#...##..... .## ##..
.#..... # ## .....#.##
.##..##.#


You could see a centaur.

Vanquished Creatures
  4 adders
  2 ribbon worms (D:2)
  A dart slug (D:1)
  5 orcs
  4 ball pythons
  2 bats
  3 endoplasms
  A giant cockroach (D:2)
  2 goblins
  9 hobgoblins
  4 jackals (D:1)
  2 frilled lizards (D:1)
  5 kobolds
  4 rats
48 creatures vanquished.

Vanquished Creatures (collateral kills)
  An orc (D:3)
1 creature vanquished.

Grand Total: 49 creatures vanquished

Notes
Turn   | Place    | Note
-------+----------+-------------------------------------------
     0 | D:1      | pokeman the Deep Elf Hedge Wizard began the quest for the
                  | Orb.
     0 | D:1      | Reached XP level 1. HP: 10/10 MP: 7/7
   190 | D:1      | Reached XP level 2. HP: 16/16 MP: 1/9
   612 | D:1      | Reached skill level 5 in Spellcasting
   908 | D:2      | Found Lischuri's Assorted Antiques.
  1047 | D:2      | Reached XP level 3. HP: 20/20 MP: 5/11
  1051 | D:2      | Learned a level 3 spell: Mephitic Cloud
  1054 | D:2      | Learned a level 2 spell: Call Imp
  1057 | D:2      | Learned a level 2 spell: Blink
  1222 | D:2      | Reached skill level 1 in Fighting
  1607 | D:2      | Reached skill level 1 in Armour
  2144 | D:2      | Reached XP level 4. HP: 16/25 MP: 1/13
  3262 | D:4      | Noticed a centaur
  3350 | D:4      | Shot with an arrow by a centaur

Illustrated notes

Levels and vault maps discovered:
D:1:      evilmike_arrival_crescent, layout_basic
D:2:      layout_loops_corners, serial_shops, shop, wad_woods_river_04
D:3:      layout_loops_ring
D:4:      layout_cave_pools, lemuel_mausoleum_altar_kikubaaqudgha,
          minmay_temple_entry_fiery, gammafunk_ghost_gnarly_gnolls,
          serial_shops, shop

Skill      XL: |  1  2  3 |
---------------+----------+-----
Spellcasting   | 5 |  5.7
Fighting       | 1 |  1.3
Conjurations   | 2 |  2.3
Armour         | 1 |  1.2
Dodging        | |  2.4
Stealth        | |  2.4
Summonings     | |  1.1
Translocations | |  1.1

Action                     |  1- 3 |  4- 6 || total
---------------------------+-------+-------++-------
  Melee: Dagger            |    42 |     6 ||    48
   Cast: Magic Dart        |   107 |    39 ||   146
         Call Imp          |       |     1 ||     1
   Stab: Distracted        |       |     1 ||     1
 Armour: Robe              |    42 |    18 ||    60
  Dodge: Dodged            |    41 |    10 ||    51

Table legend: (Time is in decaauts)
 A = Elapsed time spent in this place.
 B = Non-inter-level travel time spent in this place.
 C = Inter-level travel time spent in this place.
 D = Time resting spent in this place.
 E = Time spent auto-exploring this place.
 F = Levels seen in this place.
 G = Mean time per level.
                   A        B        C        D        E       F      G
               +--------+--------+--------+--------+--------+-----+--------+
         Total |   3366 |   3271 |     95 |     55 |   2865 |   4 |  841.5 |
       Dungeon |   3366 |   3271 |     95 |     55 |   2865 |   4 |  841.5 |
               +--------+--------+--------+--------+--------+-----+--------+

Top non-repeatable levels by time:
     D:2: 1626 daAuts
     D:3: 935 daAuts
     D:1: 790 daAuts
     D:4: 13 daAuts
